 Dungeon Crawl Stone Soup version 0.26-a0-466-g989023bd0d (webtiles) character file.

Game seed: 2350602418290185235

108303 Apogee the Imperceptible (level 16, -30/85 HPs)
             Began as a Spriggan Enchanter on Aug 1, 2020.
             Was the Champion of Makhleb.
             Killed from afar by a thorn hunter (41 damage)
             ... with a volley of thorns
             ... on level 3 of the Swamp.
             The game lasted 01:41:29 (34676 turns).

Apogee the Imperceptible (Spriggan Enchanter)      Turns: 34676, Time: 01:41:30

Health: -30/85     AC: 11    Str:  4    XL:     16   Next: 2%
Magic:  19/26      EV: 22    Int: 22    God:    Makhleb [******]
Gold:   2038       SH:  0    Dex: 24    Spells: 11/27 levels left

rFire    + . .     SeeInvis +   z - +2 dagger of Objectivity {freeze, rC+}
rCold    + . .     Faith    .   (shield restricted)
rNeg     . . .     Spirit   .   e - +0 swamp dragon scales
rPois    +         Reflect  .   O - +2 hat {MR+}
rElec    .         Harm     .   r - +1 cloak (curse)
rCorr    .                      (gloves unavailable)
MR       +++..                  (boots unavailable)
Stlth    ++++++++..             G - amulet of regeneration
HPRegen  0.64/turn              i - ring of protection from fire (curse)
MPRegen  0.20/turn              Z - +6 ring of dexterity

@: confusing touch, lightly drained, very quick
A: very small, unfitting armour, see invisible, speed 3
a: Minor Destruction, Lesser Servant of Makhleb, Major Destruction, Greater
Servant of Makhleb, Renounce Religion


You were on level 3 of the Swamp.
You worshipped Makhleb.
Makhleb was exalted by your worship.
You visited 3 branches of the dungeon, and saw 24 of its levels.

You collected 2038 gold pieces.

Inventory:

Hand Weapons
 z - the +2 dagger of Objectivity (weapon) {freeze, rC+}
   (You found it on level 6 of the Dungeon)

   It has been specially enchanted to freeze those struck by it, causing extra
   injury to most foes and up to half again as much damage against particularly
   susceptible opponents.
   It can also slow down cold-blooded creatures.
   It protects you from cold.
Missiles
 R - 2 throwing nets {!f}
 S - 9 curare-tipped darts (quivered) {!f}
Armour
 e - +0 swamp dragon scales (worn)
   (You found it on level 2 of the Swamp)
 r - a cursed +1 cloak (worn)
   (You found it on level 6 of the Dungeon)
 N - a +2 robe of magic resistance
   (You took it off a wight on level 11 of the Dungeon)
 O - a +2 hat of magic resistance (worn)
   (You found it on level 11 of the Dungeon)
 V - a +0 buckler
   (You found it on level 13 of the Dungeon)
Jewellery
 c - the ring "Hefreh" {rCorr Int+4 Dex+2 Slay+6}
   (You found it on level 10 of the Dungeon)

   [ring of resist corrosion]

   It affects your intelligence (+4).
   It affects your dexterity (+2).
   It affects your accuracy and damage with ranged weapons and melee attacks
   (+6).
   It provides partial protection from all sources of acid and corrosion.
 i - a cursed ring of protection from fire (left hand)
   (You found it on level 4 of the Lair of Beasts)
 l - an uncursed ring of protection from magic
   (You found it on level 6 of the Dungeon)
 o - an uncursed ring of protection from cold
   (You found it on level 2 of the Lair of Beasts)
 p - an uncursed amulet of faith {!P}
   (You found it on level 1 of the Lair of Beasts)
 C - an uncursed ring of stealth
   (You found it on level 8 of the Dungeon)
 G - an amulet of regeneration (around neck)
   (You took it off an orc warrior on level 8 of the Dungeon)
 H - an uncursed amulet of guardian spirit
   (You found it on level 8 of the Dungeon)
 Z - a +6 ring of dexterity (right hand)
   (You found it on level 6 of the Lair of Beasts)
Wands
 d - a wand of iceblast (16)
   (You found it on level 7 of the Dungeon)
 u - a wand of paralysis (31)
   (You found it on level 4 of the Dungeon)
 v - a wand of digging (6)
   (You took it off an orc warrior on level 8 of the Dungeon)
 x - a wand of acid (13)
   (You found it on level 14 of the Dungeon)
 M - a wand of enslavement (13)
   (You took it off an orc on level 11 of the Dungeon)
 P - a wand of polymorph (9)
   (You took it off Urug on level 2 of the Lair of Beasts)
Scrolls
 b - 2 scrolls of brand weapon {unknown}
 j - 2 scrolls of enchant armour
 k - 9 scrolls of teleportation {@r4}
 n - 5 scrolls of fear
 w - 14 scrolls of remove curse {@r2}
 A - 3 scrolls of fog
 B - 6 scrolls of magic mapping
 I - a scroll of immolation {!r}
 L - 5 scrolls of enchant weapon
 U - 2 scrolls of amnesia
 Y - 2 scrolls of blinking
Potions
 a - 3 potions of heal wounds {@q2}
 f - 4 potions of flight
 g - 6 potions of mutation {!q}
 h - 3 potions of might
 m - 6 potions of haste {@q3}
 q - 2 potions of cancellation
 s - 7 potions of curing {@q1}
 y - 4 potions of berserk rage
 E - 2 potions of magic {unknown}
 J - 2 potions of resistance {unknown}
 K - 2 potions of lignification {!q}
 T - 2 potions of ambrosia {unknown}
 W - a potion of stabbing {unknown}
 X - 2 potions of brilliance {unknown}


   Skills:
 - Level 10.0(9.7) Fighting
 - Level 10.0(9.7) Short Blades
 - Level 15.0(14.7) Dodging
 + Level 21.3(21.0) Stealth
 - Level 7.2(6.9) Shields
 - Level 6.0(5.7) Spellcasting
 - Level 10.0(9.7) Hexes
 - Level 12.0(11.7) Invocations


You had 11 spell levels left.
You knew the following spells:

 Your Spells              Type           Power        Failure   Level
a - Corona                Hex            #####..      1%          1
b - Confusing Touch       Hex            #####...     3%          3
c - Apportation           Tloc           #.....       50%         1
d - Blink                 Tloc           N/A          65%         2
e - Cause Fear            Hex            #####.....   11%         4
f - Mephitic Cloud        Conj/Pois/Air  #.......     86%         3
x - Ensorcelled Hibernat  Hex/Ice        ####..       12%         2

Your spell library contained the following spells:

 Spells                   Type           Power        Failure   Level
 Slow                     Hex            #####...     1%          2
 Tukima's Dance           Hex            #####...     3%          3
 Dazzling Flash           Conj/Hex       ####..       24%         3
 Summon Guardian Golem    Hex/Summ       ####....     24%         3
 Animate Skeleton         Necr           #.....       50%         1
 Magic Dart               Conj           #...         50%         1
 Sandblast                Erth           #.....       50%         1
 Summon Small Mammal      Summ           #...         50%         1
 Call Imp                 Summ           #.......     65%         2
 Passwall                 Tmut/Erth      #.......     65%         2
 Call Canine Familiar     Summ           #.......     86%         3
 Conjure Flame            Conj/Fire      #.......     86%         3
 Stone Arrow              Conj/Erth      #.....       86%         3
 Metabolic Englaciation   Hex/Ice        ####......   91%         5
 Silence                  Hex/Air        ####......   91%         5
 Yara's Violent Unravell  Hex/Tmut       ####......   91%         5
 Animate Dead             Necr           #.........   99%         4
 Ice Form                 Ice/Tmut       #.......     99%         4
 Petrify                  Tmut/Erth      #.......     99%         4
 Summon Ice Beast         Ice/Summ       #.......     99%         4
 Summon Lightning Spire   Summ/Air       #.......     99%         4
 Borgnjor's Vile Clutch   Necr/Erth      #.........   100%        5
 Lee's Rapid Deconstruct  Erth           #.........   100%        5
 Death Channel            Necr           #.........   100%        6
 Freezing Cloud           Conj/Ice/Air   #.........   100%        6
 Ozocubu's Refrigeration  Ice            #.........   100%        6
 Simulacrum               Ice/Necr       #.........   100%        6
 Discord                  Hex            #####.....   100%        8


Dungeon Overview and Level Annotations

Branches:
Dungeon (15/15)            Temple (0/1) D:5            Lair (6/6) D:11
  Swamp (3/4) Lair:2       Spider (0/4) Lair:3        Slime (0/5) Lair:5
    Orc (0/2) D:12         Vaults (0/5) D:14         Depths (0/5) D:15

Altars:
Cheibriados
Gozag
Hepliaklqana
Kikubaaqudgha
Makhleb

Shops:
D:15 [

Portals:
Trove: D:11 (give 2 scrolls of acquirement)

Annotations:
D:14 Jorgrun
Lair:2 exclusion: oklob plant


Innate Abilities, Weirdness & Mutations

You are very small and have problems with some larger weapons.
You are too small for most types of armour.
You have supernaturally acute eyesight. (SInv)
You cover ground extremely quickly.


Message History

You hit the vampire mosquito but do no damage.
The vampire mosquito appears confused.
You hit the vampire mosquito but do no damage.
You catch the helpless vampire mosquito completely off-guard!
You spit the vampire mosquito like a pig!!!
You freeze the vampire mosquito!
You destroy the vampire mosquito!
Makhleb accepts your kill.
No target in view!
You see here a vampire mosquito corpse.
A swamp worm comes into view.
A swamp worm is nearby!
A swamp worm is nearby!
You enter the shallow water.
Moving in this stuff is going to be slow.
The swamp worm bites you but does no damage.
Found 12 gold pieces.
Aim: a swamp worm (thin mist, chance to defeat MR: 65%)
The swamp worm looks drowsy...
The helpless swamp worm fails to defend itself.
You spit the swamp worm like a pig!!!!! You freeze the swamp worm!
You kill the swamp worm!
Makhleb accepts your kill.
You enter the shallow water.
Moving in this stuff is going to be slow.
A swamp worm comes into view.
Aim: a swamp worm (wandering, hasn't noticed you, chance to defeat MR: 65%)
Okay, then.
You enter the shallow water.
Moving in this stuff is going to be slow.
You enter the shallow water.
Moving in this stuff is going to be slow.
The thorn hunter hits you!
The thorn hunter hits you but does no damage.
Your hands begin to glow red.
The thorn hunter hits you!! The thorn hunter misses you.
You hit the thorn hunter but do no damage.
You hit the thorn hunter but do no damage.
The thorn hunter fires a volley of thorns at you.
The volley of thorns hits you!!
* * * LOW HITPOINT WARNING * * *
You barely miss the thorn hunter.
The thorn hunter fires a volley of thorns at you.
The volley of thorns hits you!
* * * LOW HITPOINT WARNING * * *
Okay, then.
The thorn hunter is unaffected.
The thorn hunter fires a volley of thorns at you.
The volley of thorns hits you!!!
You die...

. ♣≈......≈≈..♣ .
♣≈≈........≈♣ ≈
♣♣≈≈≈..♣♣♣♣..♣ ≈
♣≈.≈.≈≈.≈♣♣ .≈ ≈
♣♣.≈..≈≈≈≈♣ ♣ ♣♣ ♣
♣♣.≈≈.≈≈.♣ ♣♣..♣
♣♣♣♣≈...♣♣♣.≈≈≈.
♣♣...(≈f♣♣≈..≈≈≈.
♣≈≈≈..@.≈≈...≈..♣
♣.≈≈§.≈≈..≈≈.≈≈≈.
♣.≈≈≈.≈≈..§≈≈≈≈≈.
♣§≈≈≈≈≈≈....≈≈≈.♣
♣♣.≈≈≈≈≈≈≈....≈≈§≈
.≈♣♣.≈≈...≈≈≈.≈≈≈≈≈≈≈
≈....$≈.♣≈≈≈≈.≈≈≈≈≈..
≈≈...........≈≈≈≈≈♣♣♣
≈≈≈..♣≈.≈≈≈.≈.≈≈≈♣♣


You could see a thorn hunter.

Vanquished Creatures
  Gastronok (Lair:1)
  Kirke (D:13)
  Snorg (D:11)
  Josephine (D:13)
  5 catoblepae
  10 hydras
  4 centaur warriors
  A shambling mangrove (Swamp:2)
  An ogre mage (D:15)
  5 death yaks (Lair:6)
  A queen ant (Lair:3)
  10 alligators
  7 two-headed ogres
  A tengu warrior (D:14)
  5 spriggans (Swamp:1)
  Sonja (Lair:3)
  Urug (Lair:2)
  Nergalle (Lair:4)
  A death drake (Swamp:3)
  A swamp dragon (Swamp:2)
  4 unseen horrors
  2 necromancers
  9 ugly things
  3 manticores
  A wolf spider zombie (D:15)
  4 deep elf magi
  An oklob plant (Lair:2)
  A black mamba (Lair:3)
  2 centaur zombies
  3 cyclopes
  4 elephants
  2 naga magi (D:15)
  14 cane toads
  Maggie (Lair:2)
  A komodo dragon (Lair:2)
  A gargoyle (D:11)
  4 swamp worm zombies (Swamp:3)
  An efreet (D:13)
  2 rime drakes
  2 tengu conjurers (D:15)
  A queen bee (shapeshifter) (D:14)
  4 polar bears
  4 tyrant leeches
  6 hornets
  32 slime creatures
  5 trolls
  An alligator zombie (Swamp:3)
  A large abomination (Swamp:3)
  10 blink frogs
  11 bog bodies
  4 dream sheep (Lair:6)
  10 hippogriffs
  2 shadows
  9 wraiths
  2 centaur simulacra
  3 wyverns
  3 tyrant leech zombies (Swamp:3)
  Eustachio (D:6)
  50 yaks
  14 vampire mosquitoes
  2 basilisks
  7 soldier ants (Lair:3)
  19 insubstantial wisps
  12 swamp worms
  Menkaure (D:7)
  An acid dragon (D:12)
  16 water moccasins
  2 cane toad zombies (Swamp:3)
  7 porcupines
  6 swamp drakes
  9 orc warriors
  5 black bears
  4 ice beasts
  3 sky beasts
  4 phantoms
  A necrophage (D:11)
  7 ogres
  7 centaurs
  12 crocodiles
  3 big kobolds
  An elf zombie (D:13)
  14 bullfrogs
  A wyvern zombie (D:15)
  A spriggan zombie (Swamp:3)
  A wyvern skeleton (D:10)
  4 scorpions
  6 killer bees (D:10)
  3 troll zombies
  28 wights
  2 troll skeletons (D:13)
  5 howler monkeys
  A crimson imp (D:11)
  12 hounds
  2 quasits
  3 bullfrog zombies
  7 jellies
  7 orc priests
  Crazy Yiuf (D:2)
  7 centaur skeletons
  A human skeleton (D:13)
  An iron imp (D:11)
  8 orc wizards
  3 human zombies (D:13)
  2 bullfrog skeletons
  6 iguanas
  36 worker ants
  A killer bee zombie (D:7)
  An ogre zombie (D:13)
  A hound zombie (D:8)
  2 mummies (D:13)
  2 worker ant zombies
  7 gnolls
  15 adders
  A shadow imp (D:11)
  3 white imps
  2 ufetubi
  4 oozes (Lair:5)
  6 worms
  2 dart slugs
  6 leopard geckos
  53 orcs
  7 giant cockroaches
  8 goblins
  8 hobgoblins
  20 jackals
  27 kobolds
  4 quokkas
  2 ball pythons
  9 bats
  3 frilled lizards
  A leopard gecko skeleton (D:6)
  13 rats
793 creatures vanquished.

Vanquished Creatures (collateral kills)
  A rakshasa (D:15)
  A briar patch (Swamp:3)
2 creatures vanquished.

Vanquished Creatures (others)
  A basilisk (Lair:5)
  4 humans (D:13)
  A vampire mosquito (Swamp:3)
  Blork the orc (D:11)
  A wight (D:11)
  2 orc wizards (D:11)
  2 gnolls (D:11)
  A white imp (D:11)
  4 orcs (D:11)
  7 fungi
  14 plants
  2 withered plants (Swamp:3)
40 creatures vanquished.

Grand Total: 835 creatures vanquished

Notes
Turn   | Place    | Note
-------+----------+-------------------------------------------
     0 | D:1      | Apogee the Spriggan Enchanter began the quest for the Orb.
     0 | D:1      | Reached XP level 1. HP: 9/9 MP: 5/5
   178 | D:1      | Reached skill level 5 in Stealth
   178 | D:1      | Reached XP level 2. HP: 13/13 MP: 6/6
   183 | D:1      | Learned a level 2 spell: Ensorcelled Hibernation
   912 | D:2      | Reached XP level 3. HP: 16/16 MP: 8/8
  1220 | D:2      | Reached skill level 6 in Stealth
  1351 | D:2      | Reached XP level 4. HP: 21/21 MP: 9/9
  1554 | D:2      | Learned a level 3 spell: Confusing Touch
  2185 | D:2      | Reached skill level 7 in Stealth
  2206 | D:2      | Reached XP level 5. HP: 24/24 MP: 10/10
  2555 | D:2      | Found a runed translucent door.
  2556 | D:2      | Noticed Crazy Yiuf
  2744 | D:2      | Killed Crazy Yiuf
  4484 | D:4      | Noticed an ogre
  4486 | D:4      | Killed an ogre
  4486 | D:4      | Reached skill level 5 in Short Blades
  4486 | D:4      | Reached skill level 8 in Stealth
  4486 | D:4      | Reached XP level 6. HP: 28/28 MP: 11/11
  4557 | D:4      | Noticed a water moccasin
  4576 | D:4      | Killed a water moccasin
  4576 | D:4      | Reached skill level 5 in Hexes
  4653 | D:4      | Reached XP level 7. HP: 32/32 MP: 13/13
  5319 | D:4      | Found a burning altar of Makhleb.
  5754 | D:4      | Became a worshipper of Makhleb the Destroyer
  6062 | D:5      | Entered Level 5 of the Dungeon
  6317 | D:5      | Found a hazy altar of Hepliaklqana.
  6325 | D:5      | Found a staircase to the Ecumenical Temple.
  6401 | D:5      | Learned a level 1 spell: Apportation
  6437 | D:5      | Reached skill level 1 in Fighting
  6800 | D:6      | Reached XP level 8. HP: 37/37 MP: 11/15
  7150 | D:6      | Reached skill level 5 in Dodging
  7255 | D:6      | Got a slimy dagger
  7270 | D:6      | Identified the +2 dagger of Objectivity {freeze, rC+} (You
                  | found it on level 6 of the Dungeon)
  7641 | D:6      | Noticed Eustachio
  7643 | D:6      | Killed Eustachio
  7754 | D:7      | Found an opulent altar of Gozag.
  7792 | D:7      | Reached * piety under Makhleb
  7842 | D:7      | Reached skill level 9 in Stealth
  8098 | D:7      | Noticed Menkaure
  8102 | D:7      | Killed Menkaure
  8102 | D:7      | Reached XP level 9. HP: 44/44 MP: 16/16
  8546 | D:8      | Reached skill level 10 in Stealth
  9193 | D:9      | Reached skill level 11 in Stealth
  9269 | D:9      | Identified the +9 hand axe of Debt {drain, rElec Str+2
                  | Stlth+}
  9455 | D:9      | Noticed a two-headed ogre
  9459 | D:9      | Killed a two-headed ogre
  9459 | D:9      | Reached skill level 12 in Stealth
  9938 | D:9      | Reached ** piety under Makhleb
 10129 | D:10     | Entered Level 10 of the Dungeon
 10186 | D:10     | Reached XP level 10. HP: 49/49 MP: 11/18
 10263 | D:10     | Reached skill level 5 in Spellcasting
 10517 | D:10     | Found a burning altar of Makhleb.
 10589 | D:10     | Paralysed by a hornet for 2 turns
 10639 | D:10     | Reached skill level 5 in Fighting
 10751 | D:10     | Noticed a two-headed ogre
 10756 | D:10     | Killed a two-headed ogre
 10773 | D:10     | Got a pitted jade ring
 10782 | D:10     | Identified the ring "Hefreh" {rCorr Int+4 Dex+2 Slay+6}
                  | (You found it on level 10 of the Dungeon)
 10839 | D:10     | Reached *** piety under Makhleb
 11499 | D:11     | Noticed an unseen horror
 11503 | D:11     | Killed an unseen horror
 11824 | D:11     | Noticed a gargoyle
 11832 | D:11     | Found a portal to a secret trove of treasure.
 11833 | D:11     | Killed a gargoyle
 11833 | D:11     | Reached XP level 11. HP: 56/56 MP: 17/21
 11940 | D:11     | Found a staircase to the Lair.
 11953 | D:11     | Reached skill level 13 in Stealth
 12169 | D:11     | Noticed a five-headed hydra
 12221 | D:11     | Noticed Snorg
 12259 | D:11     | Killed Blork the orc
 12346 | D:11     | Killed Snorg
 12346 | D:11     | Reached **** piety under Makhleb
 12346 | D:11     | Reached skill level 10 in Dodging
 12442 | D:11     | Noticed a deep elf mage
 12444 | D:11     | Noticed a deep elf mage
 12473 | D:11     | Killed a deep elf mage
 12532 | D:11     | Killed a deep elf mage
 12598 | D:11     | Learned a level 2 spell: Blink
 13144 | D:11     | Killed a five-headed hydra
 13324 | D:11     | Reached skill level 10 in Hexes
 13606 | D:11     | Reached skill level 14 in Stealth
 13774 | Lair:1   | Entered Level 1 of the Lair of Beasts
 13828 | Lair:1   | Noticed Gastronok
 13840 | Lair:1   | Killed Gastronok
 13840 | Lair:1   | Reached skill level 10 in Short Blades
 14324 | Lair:1   | Reached skill level 15 in Stealth
 14324 | Lair:1   | Reached XP level 12. HP: 61/61 MP: 22/22
 14625 | Lair:1   | Noticed a seven-headed hydra
 14649 | Lair:1   | Killed a seven-headed hydra
 15256 | Lair:1   | Reached skill level 1 in Invocations
 15379 | Lair:2   | Noticed Urug
 15387 | Lair:2   | Killed Urug
 15475 | Lair:2   | Found a staircase to the Swamp.
 15563 | Lair:2   | Noticed an eight-headed hydra
 15566 | Lair:2   | Noticed Maggie
 15570 | Lair:2   | Killed an eight-headed hydra
 15595 | Lair:2   | Killed Maggie
 15595 | Lair:2   | Reached ***** piety under Makhleb
 15839 | Lair:2   | Reached skill level 15 in Dodging
 16010 | Lair:2   | Learned a level 3 spell: Mephitic Cloud
 16709 | Lair:3   | Reached skill level 5 in Invocations
 16947 | Lair:3   | Found a hole to the Spider Nest.
 17253 | Lair:3   | Noticed a seven-headed hydra
 17264 | Lair:3   | Killed a seven-headed hydra
 17264 | Lair:3   | Reached skill level 16 in Stealth
 17264 | Lair:3   | Reached XP level 13. HP: 67/67 MP: 20/23
 17361 | Lair:3   | Noticed Sonja
 17410 | Lair:3   | Killed Sonja
 18781 | Lair:4   | Noticed Nergalle
 18788 | Lair:4   | Killed Nergalle
 19858 | D:12     | Learned a level 4 spell: Cause Fear
 20045 | D:12     | Found a staircase to the Orcish Mines.
 20594 | D:12     | Reached ****** piety under Makhleb
 20774 | D:12     | Reached skill level 17 in Stealth
 20977 | D:13     | Noticed Josephine
 20982 | D:13     | Killed Josephine
 21057 | D:13     | Noticed Kirke
 21063 | D:13     | Killed Kirke
 21906 | D:13     | Found an ancient bone altar of Kikubaaqudgha.
 22216 | D:14     | Reached skill level 1 in Shields
 22410 | D:14     | Noticed Jorgrun
 22640 | D:14     | Reached skill level 18 in Stealth
 22762 | D:14     | Reached XP level 14. HP: 75/75 MP: 24/24
 23242 | D:14     | Found a gate to the Vaults.
 23603 | D:15     | Entered Level 15 of the Dungeon
 24476 | D:15     | Found Cheibriados's Comfort Zone.
 24478 | D:15     | Found a snail-covered altar of Cheibriados.
 24505 | D:15     | Reached skill level 10 in Fighting
 25366 | D:15     | Found a staircase to the Depths.
 25370 | D:15     | Reached skill level 19 in Stealth
 25953 | Lair:5   | Found a staircase to the Slime Pits.
 26655 | Lair:6   | Entered Level 6 of the Lair of Beasts
 27583 | Lair:6   | Reached skill level 5 in Shields
 28070 | Lair:6   | Reached XP level 15. HP: 74/80 MP: 21/25
 28701 | Swamp:1  | Entered Level 1 of the Swamp
 29165 | Swamp:2  | Reached skill level 20 in Stealth
 29233 | Swamp:2  | Reached skill level 10 in Invocations
 29644 | Swamp:3  | Noticed a thorn hunter
 34124 | Swamp:3  | Reached skill level 21 in Stealth
 34450 | Swamp:3  | Identified Ofire's Compendium of the Entourage and Earth
 34478 | Swamp:3  | Reached XP level 16. HP: 85/85 MP: 23/26
 34676 | Swamp:3  | Killed from afar by a thorn hunter

Illustrated notes

Levels and vault maps discovered:
D:1:      tarquinn_simple_flora_water_e, layout_basic, chequers_mini_garden
D:2:      minmay_chambers_of_ones, layout_loops_cross, uniq_crazy_yiuf_cottage
D:3:      layout_loops_cross, kennysheep_generic_room_5
D:4:      layout_basic, bloody_makhleb
D:5:      layout_cave_pools, minmay_temple_entry_junction, basic_altar
D:6:      layout_loops_ring, uniq_eustachio
D:7:      layout_loops_ring, grunt_gozag_statues, uniq_menkaure
D:8:      layout_rooms
D:9:      layout_loops_ring, chequers_serial_rivers_micro_b, evilmike_butchery
D:10:     layout_gridville, basic_altar, onia_ninara_cookie
D:11:     layout_stronghold, david_lair_generic, nicolae_trove_entry_crossroad,
          minivault_5, hangedman_minor_magic, uniq_snorg
D:12:     layout_long_grid, hiddenorc2_lemuel, corexii_checkpoint_a,
          minmay_circle_x
D:13:     layout_loops_cross, lemuel_mausoleum_altar_kikubaaqudgha,
          uniq_josephine, uniq_kirke
D:14:     layout_loops_corners, david_vaults_4, serial_park_tiny_pond,
          uniq_jorgrun
D:15:     grunt_enter_depths_magical_seal, layout_cave_pods,
          minmay_misc_feat_five, portal_ice_cave_rime, minmay_shop_chei
Lair:1:   layout_cave_pods, minmay_stone_trees_small, serial_bayou_lagoon_a,
          beast_lair_carwin_8, grunt_megastairs_2, serial_bayou_shore_b,
          serial_bayou_shore_a, uniq_gastronok
Lair:2:   layout_cellular_growth, swamp_mist, beast_lair_carwin_10,
          minmay_lair_oklob_chamber, infiniplex_staircase_pool, uniq_urug,
          uniq_maggie
Lair:3:   layout_regular_city, spider_nest_entry_web_field, serial_bayou_pond_d,
          zaba_antful_of_joy, uniq_sonja
Lair:4:   layout_layer_cave, serial_bayou_pond_a,
          chequers_serial_rivers_micro_b, minivault_27,
          minmay_stone_trees_medium, minivault_23,
          chequers_serial_rivers_micro_d, uniq_nergalle
Lair:5:   layout_roguey, nicolae_slime_entry_slimehenge,
          cheibrodos_lair_caveside_slide
Lair:6:   evilmike_catoblepas_cave, layout_hall_layers,
          chequers_serial_rivers_micro_d, serial_bayou_shore_b
Swamp:1:  layout_falls_marsh, hangedman_swamp_ruin_wall
Swamp:2:  layout_basic_swamp, evilmike_swamp_ruin_rubble_1
Swamp:3:  cheibrodos_swamp_mausoleum, layout_basic_swamp,
          evilmike_swamp_ruin_house_2

Skill      XL: |  1  2  3  4  5  6  7  8  9 10 11 12 13 14 15 |
---------------+----------------------------------------------+-----
Stealth        | 5 6 7 8 9 12 15 16 18 19 21 | 21.3
Short Blades   | 2 3 5 8 10 | 10.0
Spellcasting   | 3 4 6 |  6.0
Hexes          | 5 8 9 10 | 10.0
Fighting       | 1 3 4 6 7 9 10 | 10.0
Dodging        | 8 9 12 15 | 15.0
Invocations    | 5 8 9 12 | 12.0
Shields        | 1 5 7 |  7.2

Action                   |  1- 3 |  4- 6 |  7- 9 | 10-12 | 13-15 | 16-18 || total
-------------------------+-------+-------+-------+-------+-------+-------++-------
Melee: Dagger            |    71 |   206 |   331 |   412 |  1984 |    23 ||  3027
 Cast: Ensorcelled Hiber |    10 |    61 |    65 |   184 |   360 |     1 ||   681
       Confusing Touch   |       |     2 |    16 |    31 |   113 |     5 ||   167
       Apportation       |       |       |     1 |       |       |       ||     1
       Mephitic Cloud    |       |       |       |     1 |     7 |       ||     8
       Cause Fear        |       |       |       |       |     6 |     1 ||     7
       Blink             |       |       |       |       |     1 |       ||     1
Invok: Minor Destruction |       |       |       |     1 |     1 |       ||     2
       Lesser Servant of |       |       |       |       |     5 |       ||     5
       Major Destruction |       |       |       |       |     1 |       ||     1
       Greater Servant o |       |       |       |       |     1 |       ||     1
Evoke: Wand              |       |       |       |     4 |     2 |     1 ||     7
  Use: Scroll            |       |       |    12 |       |    20 |     1 ||    33
       Potion            |       |       |       |       |     1 |       ||     1
 Stab: Sleeping          |    22 |    43 |    69 |   127 |   234 |     1 ||   496
       Confused          |       |     1 |    14 |    22 |    96 |     3 ||   136
       Distracted        |       |       |     1 |     1 |     7 |       ||     9
Armor: Robe              |     3 |    16 |    15 |    13 |    80 |       ||   127
       Swamp dragon scal |       |       |       |       |    28 |    15 ||    43
Dodge: Dodged            |    37 |   163 |   176 |   287 |  1359 |    26 ||  2048
Block: Buckler           |       |       |       |       |     4 |       ||     4

Table legend: (Time is in decaauts)
 A = Elapsed time spent in this place.
 B = Non-inter-level travel time spent in this place.
 C = Inter-level travel time spent in this place.
 D = Time resting spent in this place.
 E = Time spent auto-exploring this place.
 F = Levels seen in this place.
 G = Mean time per level.
                   A        B        C        D        E       F      G
               +--------+--------+--------+--------+--------+-----+--------+
         Total |  26081 |  25119 |    962 |   6538 |  11759 |  24 | 1086.7 |
       Dungeon |  14986 |  14453 |    533 |   3735 |   7148 |  15 |  999.1 |
          Lair |   6642 |   6331 |    311 |   1549 |   3388 |   6 | 1107.0 |
         Swamp |   4452 |   4335 |    117 |   1253 |   1222 |   3 | 1484.0 |
               +--------+--------+--------+--------+--------+-----+--------+

Top non-repeatable levels by time:
 Swamp:2: 1994 daAuts
 Swamp:1: 1808 daAuts
     D:2: 1762 daAuts
    D:11: 1617 daAuts
    D:14: 1457 daAuts
  Lair:2: 1451 daAuts
  Lair:6: 1353 daAuts
    D:10: 1215 daAuts
     D:4: 1212 daAuts
  Lair:1: 1152 daAuts
     D:3: 1059 daAuts
    D:15: 1053 daAuts
  Lair:3: 1046 daAuts
    D:13: 1008 daAuts
    D:12: 906 daAuts
